 Dungeon Crawl Stone Soup version 0.17.2-1-ge4368a0 (webtiles) character file.

42 ololoev the Skirmisher (level 3, 0/29 HPs)
             Began as a Demonspawn Fighter on Oct 27, 2016.
             Succumbed to a worker ant's poison
             ... on level 4 of the Dungeon.
             The game lasted 00:02:36 (245 turns).

ololoev the Skirmisher (Demonspawn Fighter)          Turns: 245, Time: 00:02:36

Health: 0/29       AC:  6    Str: 22    XL:     3   Next: 35%
Magic:  3/3        EV:  9    Int:  9    God:
Gold:   39         SH:  0    Dex: 14    Spells: 0 memorised, 2 levels left

rFire  + . .     SeeInvis .     a - +0 war axe
rCold  . . .     Clarity  .     b - +0 scale mail
rNeg   . . .     SustAt   .     (no shield)
rPois  .         Gourm    .     (no helmet)
rElec  .         Spirit   .     (no cloak)
rCorr  .         Warding  .     (no gloves)
rMut   .         Rnd*Tele +     (no boots)
MR     .....                    (no amulet)
Stlth  +.........               (no ring)
                                c - ring of teleportation (curse)

@: mighty, lethally poisoned (0 -> -4), very slightly contaminated, hasted, very
quick, not resistant to hostile enchantments, very unstealthy
A: thin skeletal structure 1, fire resistance 1
a: Evoke Teleportation


Innate Abilities, Weirdness & Mutations

You have a somewhat thin skeletal structure (Dex +2, Stealth).
Your flesh is heat resistant.

Inventory:

Hand Weapons
 a - a +0 war axe (weapon)
Armour
 b - a +0 scale mail (worn)
Jewellery
 c - a cursed ring of teleportation (left hand)
Scrolls
 f - a scroll of magic mapping {unknown}
 h - a scroll of identify {unknown}
Comestibles
 e - a bread ration


   Skills:
 + Level 3.3 Fighting
 * Level 2.8 Axes
 + Level 3.1 Armour
   Level 2.6 Shields


You had 2 spell levels left.
You didn't know any spells.


You were on level 4 of the Dungeon.
You were not hungry.

You visited 1 branch of the dungeon, and saw 4 of its levels.

You collected 39 gold pieces.

# ## .# .# ### .###
##..## ...### ##$.!.##
#....##### ##.@....##
#........#####..$..?..#
##.###.#..............#
#.# #.########........#
#.# #..# ##....##.. #.#
##.# ##$.## # #.# #[#
### #.# #.# #.#

Notes
Turn   | Place    | Note
--------------------------------------------------------------
     0 | D:1      | ololoev the Demonspawn Fighter began the quest for the Orb.
     0 | D:1      | Reached XP level 1. HP: 18/18 MP: 1/1
   142 | D:2      | Gained mutation: You have a somewhat thin skeletal structure (Dex +2, Stealth). [demonic ancestry]
   142 | D:2      | Reached XP level 2. HP: 20/24 MP: 2/2
   243 | D:4      | HP: 1/24 [poisoned by a worker ant]
   244 | D:4      | Gained mutation: Your flesh is heat resistant. [demonic ancestry]
   244 | D:4      | Reached XP level 3. HP: 1/29 MP: 3/3
   245 | D:4      | Succumbed to a worker ant's poison

Dungeon Overview and Level Annotations

Branches:
Dungeon (4/15)
 Temple: D:4-7

Altars:


Message History

You hit the adder.
The adder is severely wounded.
The adder bites you. The adder closely misses you.
You slice the adder!!
You kill the adder!
Your Armour skill increases to level 3!
You feel sick.
You see here an adder corpse.
You now have 29 gold pieces (gained 17).
You feel sick.
You feel sick.
You now have 39 gold pieces (gained 10).
You feel sick.
You are no longer poisoned.
Found 15 gold pieces.
Found a golden potion.
A worker ant comes into view.
The worker ant twitches its antennae in your direction.
Found a scroll labeled WOUMEXZ NOASS and 15 gold pieces.
Found 15 gold pieces.
The worker ant barely misses you.
You slash the worker ant!
The worker ant is severely wounded.
The worker ant bites you.
You are lethally poisoned!
The worker ant poisons you!
You hit the worker ant.
The worker ant is severely wounded.
You feel sick. The worker ant closely misses you.
You hit the worker ant.
You kill the worker ant!
You have reached level 3!
Your experience leads to an increase in your attributes!
Your base attributes are Str 16, Int 9, Dex 14.
Increase (S)trength, (I)ntelligence, or (D)exterity?
You feel stronger.
Your demonic ancestry asserts itself...
You feel resistant to heat.
Are you sure you want to abandon this character and quit the game? (Confirm with "yes".)
Okay, then.
You die...

There were no monsters in sight!

Vanquished Creatures
  A worker ant (D:4)
  An adder (D:4)
  An ooze (D:1)
  2 bats (D:2)
  A giant cockroach (D:4)
  A hobgoblin (D:2)
  A rat (D:1)
8 creatures vanquished.

Action                   || total
-------------------------++-------
Melee: War axe           ||    37
  Use: Potion            ||     2

Vault maps used:
D:1:      dpeg_arrival_shrine
D:2:      lemuel_upstairs_altar, first_bread
D:4:      minmay_temple_entry_glassed_door, kennysheep_small_circle
